 Dungeon Crawl Stone Soup version 0.30-a0-140-gd1020e658a (webtiles) character file.

Game seed: 5198743856375926463

64919 jimonade the Peltast (level 14, -19/89 (92) HPs)
             Began as a Demonspawn Hedge Wizard on Sept 24, 2022.
             Was the Champion of Hepliaklqana.
             Demolished by an orc warlord
             ... wielding a +0 war axe
              (29 damage)
             ... on level 2 of the Orcish Mines.
             The game lasted 01:12:25 (19213 turns).

jimonade the Peltast (Demonspawn Hedge Wizard)     Turns: 19213, Time: 01:12:26

HP:   -19/89 (92)   AC: 22    Str:  5    XL:     14   Next: 73%
MP:   0/23          EV:  2    Int: 22    God:    Hepliaklqana [******]
Gold: 1449          SH: 37    Dex: 29    Spells: 20/25 levels left

rFire   . . .      SeeInvis +    b - +2 dagger (elec)
rCold   + . .      Faith    .    s - +8 tower shield "Tipeihyu" {Regen+ Str-5 Dex+10 SInv}
rNeg    . . .      Spirit   +    I - +4 chain mail "Qussie" {Dex+7}
rPois   +          Reflect  +    M - +2 hat of the Bear Spirit {Spirit, *Rage Will++}
rElec   .          Harm     .    (no cloak)
rCorr   .          Rampage  .    (no gloves)
Will    +++..      Rage     20%  e - +1 pair of boots of Vehumet's Hatred {rPois Stlth+}
Stlth   +.........               h - amulet of reflection
HPRegen 1.04/turn                y - ring of protection from cold
MPRegen 0.36/turn                i - +4 ring of slaying

@: about to teleport, marked, on berserk cooldown, slowed, lightly drained, very
slow
A: reduced essence, thin metallic scales 2, magic shield, magic regeneration,
demonic magic 2, weakness stinger 2
a: Renounce Religion, Recall Ancestor, Ancestor Identity, Transference, Idealise


You were on level 2 of the Orcish Mines.
You worshipped Hepliaklqana.
Hepliaklqana was exalted by your worship.
You visited 4 branches of the dungeon, and saw 21 of its levels.
You also visited: Sewer and Volcano.

You collected 1809 gold pieces.
You spent 360 gold pieces at shops.

Inventory:

Hand Weapons
 a - a +1 dagger of venom
 b - a +2 dagger of electrocution (weapon)
 p - a +2 quick blade of flaming
 H - a +2 sling of flaming
Missiles
 F - a throwing net (quivered)
Armour
 e - the +1 pair of boots of Vehumet's Hatred (worn) {rPois Stlth+}
   (You acquired it on level 3 of the Lair of Beasts)

   rPois:     It protects you from poison.
   Stlth:     It makes you more stealthy.
 s - the +8 tower shield "Tipeihyu" (worn) {Regen+ Str-5 Dex+10 SInv}
   (You found it on level 4 of the Dungeon)

   Str:       It affects your strength (-5).
   Dex:       It affects your dexterity (+10).
   SInv:      It lets you see invisible.
   Regen:     It increases your rate of health regeneration.
 I - the +4 chain mail "Qussie" (worn) {Dex+7}
   (You found it on level 2 of the Lair of Beasts)

   Dex:       It affects your dexterity (+7).
 L - the +18 shield of the Gong {rElec rN+ Will+ EV-5}
   (You found it on level 3 of the Dungeon)

   It is deafeningly noisy when blocking attacks.
   EV:        It affects your evasion (-5).
   rElec:     It insulates you from electricity.
   rN:        It protects you from negative energy.
   Will:      It increases your willpower.
 M - the +2 hat of the Bear Spirit (worn) {Spirit, *Rage Will++}
   (You found it on level 2 of the Dungeon)

   Going berserk makes the wearer tougher, and they're slowed less afterward.
   *Rage:     It berserks you when you make melee attacks (+20% chance).
   Will:      It greatly increases your willpower.
 Q - a +3 ring mail of cold resistance
Jewellery
 g - a ring of positive energy
 h - an amulet of reflection (around neck)
 i - a +4 ring of slaying (right hand)
 n - a ring of protection from fire
 o - a +6 ring of strength
 y - a ring of protection from cold (left hand)
 A - a ring of wizardry
 C - a ring of poison resistance
 E - a ring of ice
 P - a ring of see invisible
 S - a +4 ring of evasion
 V - a ring of fire
 Z - a ring of fire
Wands
 j - a wand of digging (9)
 R - a wand of iceblast (14)
 X - a wand of polymorph (4)
Scrolls
 c - a scroll of blinking
 l - 4 scrolls of enchant armour
 q - 3 scrolls of magic mapping
 r - 10 scrolls of poison
 v - a scroll of silence
 z - 4 scrolls of identify
 B - a scroll of enchant weapon
 D - 6 scrolls of teleportation
 J - 2 scrolls of fear
 U - 3 scrolls of fog
Potions
 d - 5 potions of magic
 f - 9 potions of might
 k - 3 potions of flight
 m - 4 potions of attraction
 t - 3 potions of haste
 u - 6 potions of heal wounds
 w - 5 potions of mutation
 x - 4 potions of invisibility
 G - 3 potions of brilliance
 K - 9 potions of curing
 N - 3 potions of resistance
 T - 2 potions of ambrosia {unknown}
 Y - a potion of berserk rage
Miscellaneous
 O - a piece from Xom's chessboard (15/15)
 W - a phantom mirror


   Skills:
 + Level 7.4 Fighting
 - Level 10.0 Short Blades
 - Level 0.1 Throwing
 + Level 9.3 Armour
 + Level 7.0 Dodging
 - Level 1.7 Stealth
 - Level 16.8 Shields
 * Level 6.2 Spellcasting
 - Level 2.0 Conjurations
 - Level 1.0 Summonings
 - Level 1.0 Translocations
 - Level 0.9 Poison Magic


You had 20 spell levels left.
You knew the following spells:

 Your Spells              Type           Power      Damage    Failure   Level
a - Magic Dart            Conj           60%        1d6       100%        1
b - Blink                 Tloc           22%        N/A       100%        2
c - Call Imp              Summ           11%        N/A       100%        2

Your spell library contained the following spells:

 Spells                   Type           Power      Damage    Failure   Level
 Apportation              Tloc           22%        N/A       100%        1
 Foxfire                  Conj/Fire      44%        2x1d6     100%        1
 Necrotise                Necr           24%        1d5       100%        1
 Sandblast                Erth           12%        2d6       100%        1
 Slow                     Hex            24%        N/A       100%        1
 Summon Small Mammal      Summ           44%        N/A       100%        1
 Cigotuvi's Dreadful Rot  Necr/Pois/Air  16%        N/A       100%        2
 Passwall                 Tmut/Erth      5%         N/A       100%        2
 Searing Ray              Conj           30%        2d5       100%        2
 Static Discharge         Conj/Air       22%        2-3/arc   100%        2
 Confusing Touch          Hex            6%         N/A       100%        3
 Gell's Gravitas          Tloc           11%        N/A       100%        3
 Inner Flame              Hex/Fire       6%         N/A       100%        3
 Kindle Blastsparks       Fire/Tloc/Air  16%        2d11      100%        3
 Mephitic Cloud           Conj/Pois/Air  11%        N/A       100%        3
 Stone Arrow              Conj/Erth      22%        3d8       100%        3
 Vampiric Draining        Necr           6%         2d6       100%        3
 Anguish                  Hex/Necr       3%         N/A       100%        4
 Animate Armour           Summ/Erth      18%        N/A       100%        4
 Cause Fear               Hex            3%         N/A       100%        4
 Dispel Undead            Necr           6%         3d8       100%        4
 Flame Wave               Conj/Fire      11%        2d6       100%        4
 Fulminant Prism          Conj/Hex       5%         3d7       100%        4
 Passage of Golubria      Tloc           11%        N/A       100%        4
 Sticky Flame             Conj/Fire      11%        2d3       100%        4
 Blade Hands              Tmut           3%         N/A       100%        5
 Silence                  Hex/Air        3%         N/A       100%        5
 Iron Shot                Conj/Erth      5%         9d2       100%        6
 Starburst                Conj/Fire      5%         6d4       100%        6
 Enfeeble                 Hex            3%         N/A       100%        7
 Discord                  Hex            3%         N/A       100%        8
 Lehudib's Crystal Spear  Conj/Erth      5%         10d3      100%        8


Dungeon Overview and Level Annotations

Branches:
Dungeon (13/15)            Temple (1/1) D:4            Lair (5/5) D:9
 Shoals (0/4) Lair:3        Snake (0/4) Lair:2        Slime (0/5) Lair:4
    Orc (2/2) D:11         Vaults (0/5) D:13          Sewer (visited)
Volcano (visited)
    Elf: Orc:2

Altars:
Ashenzari
Cheibriados
Dithmenos
Fedhas
Gozag
Hepliaklqana
Kikubaaqudgha
Makhleb
Nemelex Xobeh
Okawaru
Qazlal
Ru
Sif Muna
Trog
Uskayaw
Vehumet
Wu Jian
Xom
Yredelemnul
Ignis
Jiyva

Shops:
D:9 ?   D:12 *   D:13 *   Orc:1 [

Portals:
Trove: D:12 (give 12 potions of heal wounds)

Annotations:
D:11 3 runed translucent doors, TemplarDane's ghost, journeyman HOMo
D:12 3 runed translucent doors
Lair:2 exclusion: naga
Orc:2 Nergalle


Innate Abilities, Weirdness & Mutations

Your life essence is reduced to manifest your ancestor. (-10% HP)
You are mostly covered in thin metallic scales. (AC +3)
When hurt, damage is shared between your health and your magic reserves.
You regenerate magic rapidly.
Spells you cast may paralyse nearby enemies.
You have a tail ending in a sharp stinger.


Message History

You feel yourself slow down. You block the orc warrior's attack.
You block the red devil's attack.
The orc warlord hits you with a +0 war axe!!
* * * LOW HITPOINT WARNING * * *
As you read the scroll of teleportation, it crumbles to dust.
You feel strangely unstable.
The orc warrior no longer looks unusually strong. x2
You block the orc warrior's attack. x2
The orc warrior hits you from afar with a +0 glaive.
* * * LOW HITPOINT WARNING * * *
You block the orc sorcerer's attack. You block the orc knight's attack.
The orc warrior hits you with a +0 war axe.
* * * LOW HITPOINT WARNING * * *
The red devil hits you but does no damage.
You block the orc warrior's attack. The ogre completely misses you.
The orc warrior hits you from afar with a +0 glaive!
* * * LOW HITPOINT WARNING * * *
The orc knight roars a battlecry!
The orc warriors go into a battle-frenzy!
The orc sorcerer hits you with a +0 dagger!
* * * LOW HITPOINT WARNING * * *
An orc comes into view. It is wielding a +0 hand axe.
The orc wizard gestures wildly while chanting.
The orc wizard flickers and vanishes for a moment.
You feel much better.
Nergalle no longer looks unusually strong.
The orc knight no longer looks unusually strong.
The orc wizard no longer looks unusually strong.
The orc warrior no longer looks unusually strong.
The orc high priest no longer looks unusually strong.
The orc warrior no longer looks unusually strong. x2
You block the orc warrior's attack. The smoke demon gestures at you.
Beogh smites you!
* * * LOW HITPOINT WARNING * * *
You block the orc warrior's attack. You block the red devil's attack.
The orc warrior hits you with a +0 long sword.
* * * LOW HITPOINT WARNING * * *
The orc warlord hits you with a +0 war axe!!
You die...

#.......... ###
##........... ##.##
##............
#...###.#.......#...
##...#...#.........#
##.#.#..##..Z....$.
##.......4ZZoZo....
#....##.##oOooo....
##.####.###@oO.....
####....#oooo.....
#.....##ooo###..
##.#.####o3o# #####


hooo# oooooo oooooo. o.oo..# You could see an orc warlord (fast, strong), 4 orc
knights, Nergalle, an orc high priest, a spectral orc (summoned), 3 spectral orc
warriors, a smoke demon (summoned), a warg, an orc sorcerer (strong), a red
devil (summoned), 11 orc warriors, 2 ogres, 2 orc priests, 6 orc wizards and 7
orcs.

Vanquished Creatures
  5 slime creatures
  4 hydras
  4 two-headed ogres
  3 centaur warriors
  A boulder beetle (D:11)
  5 death yaks
  A tengu warrior (D:13)
  A hell knight (Volcano)
  A necromancer (D:13)
  An orc sorcerer (Orc:2)
  2 deep elf pyromancers (D:13)
  3 ugly things
  3 cyclopes
  3 manticores
  4 elephants (Lair:5)
  5 black mambas
  Maggie (D:6)
  5 cane toads
  A torpor snail (Lair:4)
  A gargoyle (D:12)
  2 unseen horrors (D:12)
  6 komodo dragons
  2 rime drakes
  An efreet (D:13)
  A yaktaur (Volcano)
  8 trolls
  A wind drake (Lair:3)
  4 polar bears
  5 hornets
  Prince Ribbit (D:9)
  3 blink frogs (Lair:5)
  10 dream sheep
  12 spriggans (Lair:5)
  Sigmund (D:6)
  3 wyverns
  2 shadows
  A wraith (D:12)
  27 yaks
  Grum (D:8)
  3 basilisks
  8 vampire mosquitoes
  An acid dragon (D:11)
  A naga (Lair:2)
  7 water moccasins
  2 swamp worms (D:7)
  Duvessa (D:7)
  11 orc warriors
  A sky beast (D:7)
  9 black bears
  4 ogres
  4 boggarts (Lair:5)
  23 wolves
  2 phantoms (D:6)
  3 centaurs
  5 kobold brigands
  8 bullfrogs
  A gnoll sergeant (D:11)
  A scorpion (D:5)
  A water moccasin zombie (D:6)
  3 wights (D:8)
  2 wyvern zombies (D:6)
  7 killer bees (D:8)
  4 howler monkeys
  An electric eel (D:7)
  2 bullfrog zombies (D:6)
  2 hounds
  6 orc priests
  5 iguanas
  A centaur skeleton (D:6)
  11 orc wizards
  7 gnolls
  2 adders
  3 river rats (Sewer)
  A white imp (D:6)
  2 worms
  3 dart slugs (D:3)
  36 orcs
  9 ball pythons
  5 bats
  6 endoplasms
  6 giant cockroaches
  8 goblins
  9 hobgoblins
  9 jackals
  27 kobolds
  5 quokkas
  4 frilled lizards
  24 rats
  A butterfly (Lair:3)
452 creatures vanquished.

Vanquished Creatures (collateral kills)
  Snorg (D:10)
  A hydra (Lair:4)
  A rakshasa (D:13)
  A boulder beetle (Lair:3)
  A catoblepas (Lair:5)
  A two-headed ogre (D:13)
  2 death yaks (Lair:5)
  A lindwurm (Lair:2)
  An ugly thing (D:13)
  A manticore (D:12)
  A cyclops (D:12)
  Joseph (D:9)
  A black mamba (Lair:4)
  A yaktaur (Volcano)
  4 komodo dragons
  A tengu conjurer (D:13)
  A polar bear (Lair:2)
  A hornet (Lair:5)
  2 blink frogs (Lair:5)
  3 dream sheep
  A spriggan (Lair:5)
  A vampire (D:13)
  A shadow (D:12)
  6 yaks
  A basilisk (Lair:2)
  A wraith (D:10)
  A wyvern (Lair:1)
  A steam dragon (D:8)
  Menkaure (D:6)
  A naga (Lair:2)
  5 water moccasins
  2 orc warriors (Orc:1)
  A sky beast (D:8)
  2 ogres
  2 black bears
  7 wolves
  3 centaurs
  A phantom (D:6)
  A kobold brigand (D:9)
  3 bullfrogs
  A scorpion (D:6)
  A wight (D:8)
  2 killer bees (D:8)
  Dowan (D:7)
  A howler monkey (D:9)
  3 electric eels (D:7)
  3 jellies
  A centaur zombie (D:6)
  A bullfrog skeleton (D:6)
  4 hounds
  3 iron imps (D:7)
  Jessica (D:2)
  Ijyb (D:5)
  5 orc wizards
  5 iguanas
  2 gnolls (D:11)
  An adder (D:5)
  A white imp (D:5)
  13 orcs
  A jackal (D:2)
  7 kobolds (D:7)
  2 butterflies (Lair:3)
129 creatures vanquished.

Vanquished Creatures (others)
  15 battlemagi
  A kobold (D:7)
  10 fungi
  21 plants
  4 withered plants (D:6)
51 creatures vanquished.

Grand Total: 632 creatures vanquished

Notes
Turn   | Place    | Note
-------+----------+-------------------------------------------
     0 | D:1      | jimonade the Demonspawn Hedge Wizard began the quest for
                  | the Orb.
     0 | D:1      | Reached XP level 1. HP: 13/13 MP: 4/4
   501 | D:1      | Gained mutation: You are partially covered in thin metallic
                  | scales. (AC +2) [demonic ancestry]
   501 | D:1      | Reached XP level 2. HP: 20/20 MP: 0/6
  1202 | D:2      | Reached skill level 1 in Translocations
  1202 | D:2      | Reached XP level 3. HP: 15/25 MP: 5/8
  1359 | D:2      | You fall into a shaft and drop 2 floors!
  1373 | D:5      | Entered Level 5 of the Dungeon
  1458 | D:4      | Identified the +8 tower shield "Tipeihyu" {Regen+ Str-5
                  | Dex+10 SInv}
  1467 | D:4      | Found a glowing drain.
  1506 | Sewer    | Entered a sewer
  1701 | Sewer    | Reached XP level 4. HP: 31/31 MP: 9/9
  1799 | Sewer    | Reached skill level 1 in Short Blades
  1819 | Sewer    | Reached skill level 1 in Shields
  1821 | Sewer    | Noticed a kobold brigand
  1831 | Sewer    | Killed a kobold brigand
  1832 | Sewer    | Reached skill level 2 in Shields
  1832 | Sewer    | Gained mutation: You have a small tail. [demonic ancestry]
  1832 | Sewer    | Reached XP level 5. HP: 36/36 MP: 10/10
  2284 | D:4      | Found a staircase to the Ecumenical Temple.
  2295 | Temple   | Entered the Ecumenical Temple
  2371 | Temple   | Became a worshipper of Hepliaklqana the Forgotten
  2385 | D:4      | Found the +6 shillelagh "Devastator" {shatter}
  2577 | D:4      | Noticed an ogre
  2580 | D:4      | Noticed an ogre
  2595 | Temple   | Killed an ogre
  2596 | Temple   | Reached skill level 1 in Fighting
  2596 | Temple   | Reached skill level 3 in Shields
  2596 | Temple   | Gained mutation: Spells you cast may paralyse adjacent
                  | enemies. [demonic ancestry]
  2596 | Temple   | Reached XP level 6. HP: 34/43 MP: 11/11
  2816 | D:3      | Found an ancient bone altar of Kikubaaqudgha.
  3030 | D:3      | Reached * piety under Hepliaklqana
  3115 | D:3      | Reached skill level 4 in Shields
  3324 | D:3      | Found a faded altar of an unknown god.
  3331 | D:3      | Found a snail-covered altar of Cheibriados.
  3359 | D:3      | Found the +18 shield of the Gong {rElec rN+ Will+ EV-5}
  3379 | D:3      | Found a broken altar of Ashenzari.
  3382 | D:3      | Found a sparkling altar of Nemelex Xobeh.
  3382 | D:3      | Found a shimmering altar of Xom.
  3662 | D:2      | Noticed Jessica
  3669 | D:2      | Killed Jessica
  3670 | D:2      | Reached skill level 1 in Armour
  3670 | D:2      | Reached XP level 7. HP: 39/43 MP: 12/12
  3725 | D:2      | Found the +2 hat of the Bear Spirit {Spirit, *Rage Will++}
  4042 | D:5      | Reached skill level 5 in Shields
  4172 | D:5      | Reached ** piety under Hepliaklqana
  4173 | D:5      | Remembered your ancestor Edwyna as a battlemage
  4383 | D:5      | Gained mutation: You have a tail ending in a sharp stinger.
                  | [demonic ancestry]
  4383 | D:5      | Reached XP level 8. HP: 48/48 MP: 8/13
  4483 | D:5      | Noticed Ijyb
  4489 | D:5      | Killed Ijyb
  4507 | D:5      | Learned a level 2 spell: Blink
  4510 | D:5      | Learned a level 2 spell: Call Imp
  4540 | D:5      | Reached skill level 6 in Shields
  4789 | D:6      | Noticed Sigmund
  4807 | D:6      | Killed Sigmund
  4866 | D:6      | Noticed Maggie
  4874 | D:6      | Killed Maggie
  4875 | D:6      | Reached skill level 7 in Shields
  4875 | D:6      | Reached XP level 9. HP: 54/54 MP: 14/14
  4928 | D:6      | Noticed Menkaure
  4933 | D:6      | Killed Menkaure
  5019 | D:6      | Reached skill level 5 in Short Blades
  5166 | D:6      | Reached skill level 8 in Shields
  5534 | D:6      | Reached *** piety under Hepliaklqana
  5746 | D:7      | Noticed Duvessa
  5747 | D:7      | Noticed Dowan
  5755 | D:7      | Killed Duvessa
  5766 | D:7      | Killed Dowan
  5928 | D:7      | Found a burning altar of Makhleb.
  5936 | D:7      | Reached skill level 5 in Dodging
  5943 | D:7      | Reached skill level 9 in Shields
  6003 | D:7      | Found a blossoming altar of Fedhas.
  6267 | D:7      | Gained mutation: Spells you cast may paralyse nearby
                  | enemies. [demonic ancestry]
  6267 | D:7      | Reached XP level 10. HP: 61/61 MP: 10/15
  6900 | D:8      | Noticed Grum
  6946 | D:8      | Killed Grum
  7223 | D:8      | Reached skill level 10 in Shields
  8173 | D:9      | Noticed Joseph
  8184 | D:9      | Killed Joseph
  8192 | D:9      | Found a staircase to the Lair.
  8222 | D:9      | Reached **** piety under Hepliaklqana
  8237 | D:9      | Noticed Prince Ribbit
  8245 | D:9      | Killed Prince Ribbit
  8246 | D:9      | Reached skill level 11 in Shields
  8317 | D:9      | Gained mutation: You regenerate magic rapidly. [demonic
                  | ancestry]
  8317 | D:9      | Reached XP level 11. HP: 66/66 MP: 16/16
  8522 | D:9      | Found Imiz's Magic Scroll Shop.
  8860 | Lair:1   | Entered Level 1 of the Lair of Beasts
  9117 | Lair:1   | You fall into a shaft and drop 1 floor!
  9286 | Lair:2   | Found a staircase to the Snake Pit.
  9787 | Lair:2   | Reached skill level 12 in Shields
 10008 | Lair:2   | Reached skill level 5 in Armour
 10097 | Lair:2   | Identified the +4 chain mail "Qussie" {Dex+7}
 10790 | Lair:3   | Noticed a four-headed hydra
 10790 | Lair:3   | Noticed a lindwurm
 10799 | Lair:2   | Killed a lindwurm
 10837 | Lair:3   | Killed a four-headed hydra
 10931 | Lair:3   | Found a staircase to the Shoals.
 11012 | Lair:3   | Reached ***** piety under Hepliaklqana
 11069 | Lair:3   | Identified a scroll of acquirement
 11087 | Lair:3   | Noticed a boulder beetle
 11097 | Lair:3   | Killed a boulder beetle
 11098 | Lair:3   | Reached skill level 13 in Shields
 11098 | Lair:3   | Gained mutation: You are mostly covered in thin metallic
                  | scales. (AC +3) [demonic ancestry]
 11098 | Lair:3   | Reached XP level 12. HP: 72/72 MP: 17/17
 11206 | Lair:3   | Acquired a staff of conjuration
 11224 | Lair:3   | Acquired the +1 pair of boots of Vehumet's Hatred {rPois
                  | Stlth+}
 11703 | Lair:4   | Noticed a five-headed hydra
 11715 | Lair:4   | Killed a five-headed hydra
 11718 | Lair:4   | Noticed a five-headed hydra
 11723 | Lair:4   | Killed a five-headed hydra
 11728 | Lair:4   | Noticed an eight-headed hydra
 11735 | Lair:4   | Killed an eight-headed hydra
 11918 | Lair:4   | Noticed a death yak
 11926 | Lair:4   | Killed a death yak
 11931 | Lair:4   | Noticed a death yak
 11945 | Lair:4   | Killed a death yak
 11952 | Lair:4   | Reached skill level 14 in Shields
 12209 | Lair:4   | Found a viscous altar of Jiyva.
 12209 | Lair:4   | Found a staircase to the Slime Pits.
 12361 | Lair:4   | Got the Textbook on Red-Hot Shifting
 12581 | Lair:5   | Entered Level 5 of the Lair of Beasts
 12584 | Lair:5   | Noticed a death yak
 12584 | Lair:5   | Noticed a death yak
 12585 | Lair:5   | Found a dark tunnel.
 12585 | Lair:5   | Noticed a death yak
 12586 | Lair:5   | Noticed a death yak
 12586 | Lair:5   | Noticed a death yak
 12597 | Lair:5   | Killed a death yak
 12599 | Lair:5   | Killed a death yak
 12603 | Lair:5   | Killed a death yak
 12611 | Lair:5   | Killed a death yak
 12615 | Lair:5   | Killed a death yak
 12624 | Volcano  | Entered a volcano
 12667 | Volcano  | Noticed a centaur warrior
 12814 | Volcano  | Killed a centaur warrior
 12815 | Volcano  | Gained mutation: When hurt, damage is shared between your
                  | health and your magic reserves. [demonic ancestry]
 12815 | Volcano  | Reached XP level 13. HP: 62/81 MP: 14/18
 12861 | Volcano  | Found a bloodstained altar of Trog.
 13222 | Lair:5   | Reached skill level 15 in Shields
 13574 | Lair:5   | Reached skill level 5 in Fighting
 13727 | Lair:5   | Reached skill level 16 in Shields
 13766 | Lair:5   | Reached skill level 10 in Short Blades
 13928 | Lair:5   | Identified the +5 shortbow "Beastbane" {speed, rElec Dex+3}
 14404 | D:10     | Entered Level 10 of the Dungeon
 14697 | D:10     | Noticed Snorg
 14710 | D:10     | Killed Snorg
 14793 | D:10     | Reached ****** piety under Hepliaklqana
 15073 | D:11     | Found a runed translucent gate.
 15073 | D:11     | Found a runed translucent gate.
 15073 | D:11     | Found a runed translucent gate.
 15078 | D:11     | Noticed TemplarDane's ghost (journeyman HOMo)
 15242 | D:11     | Reached XP level 14. HP: 89/89 MP: 17/19
 15438 | D:11     | Found a staircase to the Orcish Mines.
 15976 | D:12     | Found a portal to a secret trove of treasure.
 16569 | D:12     | Reached skill level 5 in Spellcasting
 16640 | D:12     | Found a runed translucent door.
 16640 | D:12     | Noticed a fire giant
 16641 | D:12     | Found a runed translucent door.
 16642 | D:12     | Found a runed translucent door.
 16642 | D:12     | Noticed a sphinx
 16821 | D:12     | Found Udur Duyr's General Store.
 17210 | D:12     | Bought an amulet of reflection for 360 gold pieces
 17469 | D:13     | Found Yhev's Assorted Antiques.
 18262 | D:13     | Found a gate to the Vaults.
 18647 | Orc:1    | Entered Level 1 of the Orcish Mines
 18647 | Orc:1    | Found Weerulit's Armour Boutique.
 19057 | Orc:2    | Entered Level 2 of the Orcish Mines
 19177 | Orc:2    | Noticed an orc warlord
 19179 | Orc:2    | Noticed Nergalle
 19212 | Orc:2    | HP: 2/89 [orc sorcerer/+0 dagger (5)]
 19213 | Orc:2    | Demolished by an orc warlord

Illustrated notes

Levels and vault maps discovered:
D:1:      minmay_arrival_up_and_down, layout_rooms
D:2:      layout_rooms, uniq_jessica
D:3:      corexii_shack_village, layout_loops_ring,
          nicolae_overflow_ecumenical_swirl, grunt_temple_overflow_open,
          kiku_gazebo_pond_becter
D:4:      layout_rooms, minmay_temple_entry_sparse_star, portal_sewer_entry_f,
          dilly_guarded_unrand_devastator
D:5:      layout_basic, grunt_tough_drop, uniq_ijyb
D:6:      layout_loops_ring, serial_undead, serial_undead_e, serial_undead_e,
          serial_undead_c, serial_undead_e, uniq_maggie, uniq_sigmund,
          uniq_menkaure
D:7:      layout_rooms, fedhas_altar_1, demons_altar, serial_bayou,
          serial_bayou_lagoon_a, serial_bayou_pond_c, serial_bayou_crossing,
          serial_bayou_shore_a, serial_bayou_lagoon_b, worms_lemuel,
          uniq_duvessa
D:8:      layout_loops_ring, uniq_grum
D:9:      layout_loops_ring, zin_academy, elyvilon_altar_4,
          kennysheep_little_box, serial_shops, kennysheep_mini_moat,
          kennysheep_generic_room_14, uniq_prince_ribbit1, uniq_joseph
D:10:     layout_roguey, corner_web_ring, uniq_snorg
D:11:     layout_irregular_city, orc_0_dummy, gammafunk_ghost_spectres
D:12:     minmay_the_grid_triangle_9x9_recursive_3
          [minmay_the_grid_triangle_9x9_fully_insulated_deathbox,
          minmay_the_grid_triangle_9x9_corrupted_corridor,
          minmay_the_grid_triangle_9x9_dagger,
          minmay_the_grid_triangle_9x9_prize_center,
          minmay_the_grid_triangle_9x9_semitri,
          minmay_the_grid_triangle_9x9_intruding_spiral,
          minmay_the_grid_triangle_9x9_sparse_checkered,
          minmay_the_grid_triangle_9x9_skeleton,
          minmay_the_grid_triangle_9x9_zippers_vertical], layout_stronghold,
          enter_trove_6, serial_shops, nicolae_stop_n_shop_2, hive_lemuel
D:13:     layout_rooms, david_vaults_1, serial_shops,
          nicolae_shop_overgrown_old_shop, minmay_door_square
Temple:   ebering_untended_altars
Lair:1:   layout_hall_layers
Lair:2:   layout_layer_cave, guppyfry_snake_entry_island, minivault_19,
          minivault_27, chequers_serial_rivers_micro_a, serial_bayou_pond_d
Lair:3:   layout_chaotic_city, minmay_shoals_entry_beasts, lemuel_fruit_fields,
          serial_bayou_shore_b, lemuel_fruit_fields, infiniplex_staircase_pool_2
Lair:4:   wander_river, layout_hall_layers, dpeg_slime_entry_corner,
          grunt_forest_small_clearing_treed, infiniplex_staircase_pool
Lair:5:   minmay_lair_end_enchanted_forest, layout_regular_city,
          nicolae_volcano_entry_lava_flow, chequers_serial_rivers_room_b,
          serial_bayou_shore_b
Orc:1:    layout_caves, serial_shops, shop_fountains, nicolae_orc_damp_corner
Orc:2:    grunt_orc_cross, layout_caves, basic_altar

Skill      XL: |  1  2  3  4  5  6  7  8  9 10 11 12 13 14 |
---------------+-------------------------------------------+-----
Translocations | 1 |  1.0
Conjurations   | 2 |  2.0
Short Blades   | 1 2 3 4 5 6 8 9 10 | 10.0
Shields        | 2 3 4 5 7 9 11 13 14 16 | 16.8
Dodging        | 2 3 4 5 6 7 |  7.0
Fighting       | 1 2 3 4 5 7 |  7.4
Armour         | 1 3 4 5 6 7 9 |  9.3
Spellcasting   | 6 |  6.2
Throwing       | |  0.1
Stealth        | |  1.7
Summonings     | |  1.0
Poison Magic   | |  0.9

Action                   |  1- 3 |  4- 6 |  7- 9 | 10-12 | 13-15 || total
-------------------------+-------+-------+-------+-------+-------++-------
Melee: Dagger            |    94 |   187 |   153 |   513 |   768 ||  1715
       Punch             |     1 |       |       |       |       ||     1
       Tailslap          |       |    26 |    42 |    98 |   172 ||   338
       Shillelagh        |       |     3 |    17 |       |       ||    20
 Fire: Sling             |       |       |       |    22 |       ||    22
Throw: Dart              |       |     3 |       |       |       ||     3
 Cast: Magic Dart        |    47 |       |       |       |       ||    47
Invok: Ancestor Life: Ba |       |       |     1 |       |       ||     1
       Recall Ancestor   |       |       |     1 |     3 |     5 ||     9
  Use: Scroll            |     5 |       |       |    22 |     1 ||    28
       Potion            |       |       |       |       |     1 ||     1
 Stab: Sleeping          |       |    10 |     1 |       |       ||    11
       Distracted        |       |       |     4 |    10 |    13 ||    27
Armor: Robe              |    17 |       |       |       |       ||    17
       Leather armour    |     2 |    26 |    21 |       |       ||    49
       Steam dragon scal |       |       |     2 |       |       ||     2
       Ring mail         |       |       |     1 |    24 |       ||    25
       Chain mail        |       |       |       |    49 |   177 ||   226
Dodge: Dodged            |    36 |    21 |    39 |    51 |    19 ||   166
Block: Tower shield      |    60 |   189 |   177 |   561 |   868 ||  1855
       Reflection        |       |       |       |       |    13 ||    13

Table legend: (Time is in decaauts)
 A = Elapsed time spent in this place.
 B = Non-inter-level travel time spent in this place.
 C = Inter-level travel time spent in this place.
 D = Time resting spent in this place.
 E = Time spent auto-exploring this place.
 F = Levels seen in this place.
 G = Mean time per level.
                   A        B        C        D        E       F      G
               +--------+--------+--------+--------+--------+-----+--------+
         Total |  19686 |  18626 |   1060 |   1847 |  11547 |  23 |  855.9 |
       Dungeon |  12704 |  11897 |    807 |   1277 |   7682 |  13 |  977.2 |
        Temple |    104 |     77 |     27 |      8 |     43 |   1 |  104.0 |
          Lair |   4990 |   4772 |    218 |    443 |   3102 |   5 |  998.0 |
  Orcish Mines |    549 |    542 |      7 |      0 |    404 |   2 |  274.5 |
         Sewer |    764 |    764 |      0 |      0 |    310 |   1 |  764.0 |
       Volcano |    574 |    574 |      0 |    118 |      4 |   1 |  574.0 |
               +--------+--------+--------+--------+--------+-----+--------+

Top non-repeatable levels by time:
    D:12: 2111 daAuts
  Lair:2: 1765 daAuts
     D:1: 1311 daAuts
     D:7: 1288 daAuts
  Lair:5: 1174 daAuts
     D:8: 1141 daAuts
     D:9: 995 daAuts
  Lair:3: 939 daAuts
     D:5: 934 daAuts
     D:6: 920 daAuts
    D:11: 911 daAuts
  Lair:4: 910 daAuts
     D:3: 772 daAuts
   Sewer: 764 daAuts
    D:13: 653 daAuts
